 Dungeon Crawl Stone Soup version 0.29.1-15-g9cfb28693d (webtiles) character file.

Game seed: 17852237126995862884

4 CommanderCrumbcake the Covert (level 1, -5/23 HPs)
             Began as a Gnoll Delver on Feb 22, 2023.
             Was an Initiate of Nemelex Xobeh.
             Slain by an ogre
             ... wielding a +0 giant spiked club
              (8 damage)
             ... on level 6 of the Dungeon.
             The game lasted 00:02:12 (736 turns).

CommanderCrumbcake the Covert (Gnoll Delver)         Turns: 736, Time: 00:02:13

Health: -5/23      AC:  3    Str: 11    XL:     1   Next: 60%
Magic:  10/10      EV: 13    Int:  9    God:    Nemelex Xobeh [......]
Gold:   34         SH:  0    Dex: 13    Spells: 0/0 levels left

rFire   . . .      SeeInvis .   a - +0 hand axe
rCold   . . .      Faith    .   (no shield)
rNeg    . . .      Spirit   .   b - +0 leather armour
rPois   .          Reflect  .   (no helmet)
rElec   .          Harm     .   (no cloak)
rCorr   .          Rampage  .   (no gloves)
Will    .....                   (no boots)
Stlth   ++++......              (no amulet)
HPRegen 0.07/turn               h - ring of magical power
MPRegen 0.12/turn               (no ring)

@: hasted, very quick
A: fangs 1, strong nose, distributed training
a: Renounce Religion, Draw Escape, Draw Destruction, Draw Summoning


You were on level 6 of the Dungeon.
You worshipped Nemelex Xobeh.
Nemelex Xobeh was noncommittal.
You visited 2 branches of the dungeon, and saw 3 of its levels.

You collected 34 gold pieces.

Inventory:

Hand Weapons
 a - a +0 hand axe (weapon)
Armour
 b - a +0 leather armour (worn)
Jewellery
 h - a ring of magical power (left hand)
Wands
 g - a wand of digging (3)
Scrolls
 c - a scroll of fog
 d - a scroll of magic mapping


   Skills:
 + Level 6.4 Fighting
 + Level 0.1 Short Blades
 + Level 0.1 Long Blades
 + Level 4.4 Axes
 + Level 0.1 Maces & Flails
 + Level 0.1 Polearms
 + Level 0.1 Staves
 + Level 0.1 Ranged Weapons
 + Level 0.1 Throwing
 + Level 0.1 Armour
 + Level 4.4 Dodging
 + Level 9.5 Stealth
 + Level 0.1 Shields
 + Level 0.1 Unarmed Combat
 + Level 0.1 Spellcasting
 + Level 0.1 Conjurations
 + Level 0.1 Hexes
 + Level 0.1 Summonings
 + Level 0.1 Necromancy
 + Level 0.1 Translocations
 + Level 0.1 Transmutations
 + Level 0.1 Fire Magic
 + Level 0.1 Ice Magic
 + Level 0.1 Air Magic
 + Level 0.1 Earth Magic
 + Level 0.1 Poison Magic
 + Level 0.2 Invocations
 + Level 0.1 Evocations


You couldn't memorise any spells.
You didn't know any spells.
Your spell library was empty.

Dungeon Overview and Level Annotations

Branches:
Dungeon (6/15)             Temple (1/1) D:5

Altars:
Ashenzari
Cheibriados
Dithmenos
Elyvilon
Fedhas
Gozag
Nemelex Xobeh
Qazlal
Sif Muna
Trog
Uskayaw
Vehumet
Wu Jian
Xom
The Shining One


Innate Abilities, Weirdness & Mutations

You have very sharp teeth.
Your uncanny sense of smell can sniff out nearby items.
Your experience applies equally to all skills.


Message History

An orc comes into view. It is wielding a +0 hand axe.
Found 4 poisoned darts.
An orc comes into view.
It is wielding a +2 short sword of venom.
You completely miss the orc. You punch the orc.
The orc is moderately wounded.
The orc shouts!
The orc barely misses you.
The orc shouts!
You hear a croak.
The orc shouts!
You hit the orc.
You kill the orc!
You barely miss the orc.
A bullfrog comes into view.
The orc hits you with a +0 dagger.
* * * LOW HITPOINT WARNING * * *
You see here a +0 dagger.
You barely miss the orc. You bite the orc, but do no damage.
The orc hits you with a +0 dagger.
* * * LOW HITPOINT WARNING * * *
You slash the orc!
You kill the orc!
The bullfrog barely misses you. The bullfrog attacks as you move away!
The bullfrog closely misses you. The bullfrog attacks as you move away!
The bullfrog hits you but does no damage.
Found a spear.
Found 8 gold pieces and 4 stones.
An ogre comes into view. It is wielding a +0 giant spiked club.
Found a stone staircase leading up.
Why would you want to do that? The bullfrog attacks as you move away!
The bullfrog closely misses you.
You see here 8 gold pieces.
You aren't carrying any potions.
Unknown command.
You barely miss the bullfrog. The bullfrog barely misses you.
The bullfrog attacks as you move away! The bullfrog barely misses you.
The ogre shouts!
The ogre hits you with a +0 giant spiked club!
You die...
Your body disappears without a glow.

..........#.###
....§§§§...... #.#
....§§§≈§...# ##.#
#...§§.≈...)#O##.#
...≈oo§..§.......#
##.§≈=§.≈≈.## #.#
#...._....##.##.#
#.≈§...≈≈.##..O^#
#.≈.....≈.#####@#
.....≈.≈....o..F.#
....≈§.≈≈........#
#........(#.######
####........#
###....#.#
######.# #.# ..#


You could see an ogre, a bullfrog and an orc.

Vanquished Creatures
  2 orcs (D:6)
2 creatures vanquished.

Notes
Turn   | Place    | Note
-------+----------+-------------------------------------------
     0 | D:5      | Reached skill level 9 in Stealth
     0 | D:5      | CommanderCrumbcake the Gnoll Delver began the quest for the
                  | Orb.
     0 | D:5      | Reached XP level 1. HP: 23/23 MP: 1/1
    23 | D:5      | Found a staircase to the Ecumenical Temple.
    38 | Temple   | Entered the Ecumenical Temple
   176 | Temple   | Became a worshipper of Nemelex Xobeh the Trickster
   380 | D:5      | Noticed a scorpion
   685 | D:5      | Noticed a black bear
   707 | D:6      | Found a shadowy altar of Dithmenos.
   714 | D:6      | Noticed a bullfrog
   724 | D:6      | Noticed an ogre
   736 | D:6      | Slain by an ogre

Illustrated notes

Levels and vault maps discovered:
D:5:      layout_gridville, minmay_temple_entry_glass, serial_shops,
          nicolae_lakefront_shop
D:6:      layout_loops_cross, makhleb_blood_cavern_becter,
          mainiacjoe_overflow_small_starburst, ebering_ghost_sewer_f,
          dk_noncrumbling_3
Temple:   eino_temple_water

Skill      XL: | |
---------------+-+-----
Stealth        | |  9.5
Fighting       | |  6.4
Short Blades   | |  0.1
Long Blades    | |  0.1
Axes           | |  4.4
Maces & Flails | |  0.1
Polearms       | |  0.1
Staves         | |  0.1
Ranged Weapons | |  0.1
Throwing       | |  0.1
Armour         | |  0.1
Dodging        | |  4.4
Shields        | |  0.1
Unarmed Combat | |  0.1
Spellcasting   | |  0.1
Conjurations   | |  0.1
Hexes          | |  0.1
Summonings     | |  0.1
Necromancy     | |  0.1
Translocations | |  0.1
Transmutations | |  0.1
Fire Magic     | |  0.1
Ice Magic      | |  0.1
Air Magic      | |  0.1
Earth Magic    | |  0.1
Poison Magic   | |  0.1
Invocations    | |  0.2
Evocations     | |  0.1

Action                   || total
-------------------------++-------
Melee: Hand axe          ||    10
       Punch             ||     1
       Bite              ||     1
  Use: Potion            ||     2
       Scroll            ||     1
Armor: Leather armour    ||     5
Dodge: Dodged            ||     8
